Map: Cosmic Sapphire

Players

A.I. 1 (Very Easy) - Winner!

  • Race: Protoss Protoss
  • Spawn Location: 11:00

DPGVillaiN

  • Race: Terran Terran
  • League: Grandmaster
  • Spawn Location: 5:00

VOD

Have the link to the VOD?

Description

Time

  • Played on: Dec. 6, 2022, 7:19 p.m.
  • Length: 5:12
Show
View Real Time Build Order
Export as new Build Order

A.I. 1 (Very Easy) Protoss - Winner!

Build Orders: 1 Gate Expand, Nexus First 

Get SALT Encoding   

  12  0:00  Probe  
  13  0:13  Probe  
  14  0:19  Pylon  
  14  0:43  Gateway  
  14  1:00  Nexus  
  14  1:18  Pylon  
  14  1:21  Zealot  
  14  1:23  Assimilator  
  16  1:32  Probe  
  16  1:36  Cybernetics Core  
  17  1:41  Probe  
  18  1:52  Probe  
  19  2:03  Assimilator  
  19  2:04  Probe  
  20  2:13  Stalker  
  20  2:15  Probe  
  22  2:16  Probe  
  24  2:24  Probe  
  24  2:25  Warp Gate  
  24  2:28  Probe  
  26  2:44  Probe  
  27  2:52  Assimilator  
  27  2:53  Probe  
  27  2:55  Pylon  
  28  3:00  Probe  
  29  3:07  Probe  
  29  3:08  Robotics Facility  
  29  3:11  Probe  
  30  3:18  Probe  
  31  3:25  Probe  
  32  3:29  Zealot  
  32  3:32  Probe  
  36  3:43  Probe  
  37  3:50  Probe  
  38  3:56  Observer  
  38  3:57  Probe  
  40  4:05  Probe  
  41  4:10  Observer, Assimilator  
  41  4:12  Probe  
  42  4:19  Probe  
  44  4:26  Probe  
  44  4:30  Pylon  
  45  4:33  Probe  
  46  4:40  Probe  
  45  4:46  Sentry  
  45  4:48  Probe  
  44  4:57  Probe  
Show
View Real Time Build Order
Export as new Build Order

DPGVillaiN Terran 

Build Orders:  

Get SALT Encoding   

  12  0:00  SCV  
  13  0:12  SCV  
  14  0:16  Supply Depot  
  14  0:24  SCV  
  15  0:38  SCV  
  15  0:39  Barracks  
  15  0:42  Refinery  
  16  0:50  SCV  
  17  1:02  SCV  
  18  1:14  SCV  
  19  1:26  Orbital Command, Marine  
  20  1:36  Command Center  
  20  1:44  Barracks Reactor  
  20  1:49  Supply Depot  
  20  1:51  SCV  
  21  2:03  SCV  
  22  2:09  Barracks  
  22  2:11  Barracks  
  22  2:15  SCV  
  22  2:20  Marine x2  
  25  2:28  SCV  
  26  2:37  Marine x2  
  26  2:40  SCV  
  29  2:48  Orbital Command  
  29  2:52  SCV  
  29  2:55  Marine x2  
  29  2:56  Barracks Tech Lab  
  29  2:57  Barracks Tech Lab  
  32  3:04  Supply Depot, SCV  
  33  3:13  Marine x2  
  33  3:14  SCV  
  33  3:16  Concussive Shells, Stimpack, SCV  
  33  3:17  Marine x2  
  39  3:26  SCV  
  40  3:28  SCV  
  40  3:31  Marine x2  
  40  3:32  Supply Depot  
  43  3:35  Marine x2  
  43  3:38  SCV  
  43  3:40  SCV  
  47  3:42  Refinery  
  47  3:49  Marine x2  
  47  3:50  SCV  
  47  3:52  SCV  
  47  3:53  Marauder  
  47  3:54  Marauder  
  55  3:56  Supply Depot  
  55  4:01  Engineering Bay  
  55  4:02  SCV  
  56  4:04  SCV  
  56  4:05  Factory  
  56  4:08  Marine  
  56  4:09  Marine  
  59  4:14  SCV  
  59  4:16  Supply Depot, SCV, Marine  
  62  4:17  Marine  
  63  4:24  Refinery  
  63  4:26  SCV  
  63  4:27  Refinery, Marine  
  63  4:29  Marine, SCV  
  67  4:34  Marine  
  67  4:35  Supply Depot, Marine  
  69  4:38  Supply Depot  
  69  4:40  SCV  
  69  4:42  SCV  
  71  4:51  Marine  
  71  4:52  SCV  
  71  4:54  Starport  
  71  4:55  Factory Tech Lab  
  71  4:56  SCV  
Tags
 
Add a new tag
Caveats
  • Supply blocks, unpowered buildings, or Contaminate may cause inaccurate times.
  • Supply counts are checked every 10 seconds.